 Dungeon Crawl Stone Soup version 0.19.5 (webtiles) character file.

546 Monsterracer the Cudgeler (level 7, 0/67 HPs)
             Began as an Ogre Hunter on Apr 17, 2017.
             Was an Initiate of Okawaru.
             Slain by a hippogriff (5 damage)
             ... on level 5 of the Dungeon.
             The game lasted 00:12:20 (4815 turns).

Monsterracer the Cudgeler (Ogre Hunter)             Turns: 4815, Time: 00:12:21

Health: 0/67       AC:  3    Str: 20    XL:     7   Next: 28%
Magic:  7/7        EV: 10    Int: 10    God:    Okawaru [......]
Gold:   158        SH:  0    Dex: 10    Spells: 0 memorised, 6 levels left

rFire  + . .     SeeInvis .     q - +0 flail
rCold  + + .     Gourm    .     b - +0 robe
rNeg   . . .     Faith    +     (no shield)
rPois  +         Spirit   .     (helmet restricted)
rElec  +         Reflect  .     (no cloak)
rCorr  +         Harm     .     (gloves unavailable)
MR     .....                    (boots unavailable)
Stlth  +.........               s - amulet of faith
                                v - ring of protection from cold
                                l - ring of poison resistance

@: resistant
A: unfitting armour, tough skin 1
a: Renounce Religion


You were on level 5 of the Dungeon.
You worshipped Okawaru.
Okawaru was noncommittal.
You were hungry.

You visited 1 branch of the dungeon, and saw 5 of its levels.

You collected 158 gold pieces.

Inventory:

Hand Weapons
 q - a +0 flail (weapon)
Missiles
 a - 130 stones
 c - 4 large rocks
 d - 2 throwing nets
 o - 13 tomahawks (quivered)
Armour
 b - a +0 robe (worn)
Jewellery
 l - a ring of poison resistance (left hand)
 s - an amulet of faith (around neck)
 v - a ring of protection from cold (right hand)
Wands
 t - a wand of flame (28/48)
Scrolls
 e - a scroll of blinking {unknown}
 h - a scroll of enchant weapon {unknown}
 j - 3 scrolls of identify
 k - 4 scrolls of magic mapping
 m - a scroll of fog {unknown}
 n - a scroll of amnesia {unknown}
 p - a scroll of enchant armour {unknown}
 u - a scroll of remove curse {unknown}
Comestibles
 f - 5 bread rations
 g - 4 meat rations
 i - a beef jerky


   Skills:
 + Level 3.6 Fighting
 * Level 7.2 Maces & Flails
 * Level 5.7 Throwing
 + Level 2.5 Dodging
 - Level 0.6 Stealth
 + Level 0.0 Invocations


You had 6 spell levels left.
You didn't know any spells.

Dungeon Overview and Level Annotations

Branches:
Dungeon (4/15)
 Temple: D:4-7

Altars:
Ashenzari
Gozag
Hepliaklqana
Kikubaaqudgha
Makhleb
Okawaru


Innate Abilities, Weirdness & Mutations

You are too large for most types of armour.
You have tough skin. (AC +1)


Message History

The hippogriff bites you. The hippogriff pecks you.
The hippogriff barely misses you.
You hit the hippogriff.
The hippogriff is moderately wounded.
The hippogriff misses you. The hippogriff pecks you. The hippogriff claws you.
* * * LOW HITPOINT WARNING * * *
Throwing (i - inventory. (,) - cycle):
o - 14 tomahawks (quivered)
Press: ? - help, Shift-Dir - straight line, f/p - hippogriff
Aim: a hippogriff (moderately wounded)
You throw a tomahawk. The tomahawk hits the hippogriff!
The hippogriff is heavily wounded.
The hippogriff bites you.
* * * LOW HITPOINT WARNING * * *
The hippogriff pecks you.
* * * LOW HITPOINT WARNING * * *
The hippogriff claws you.
* * * LOW HITPOINT WARNING * * *
You feel protected. The hippogriff barely misses you. The hippogriff pecks you.
You die...

##.# ...# ...# .#.# #..#
...# #..# .### #..# .#
#..## ### .# .#
#######..##... ..# .#
......H..##.####># .#
##@#.....##.# .# #....#
#.##.# ## #....# #..#.#
####### #....###..#.#
######.....#####.#.....#..#
.............###..#####.#.#
#####.#.#.#.#.##.#.###.##.#
# #.._...###.#.##.#.###.#
#####.#.#.## ##..###......#


You could see a hippogriff.

Vanquished Creatures
  An ogre (D:3)
  A hound (D:5)
  3 orc priests
  3 orc wizards (D:3)
  Terence (D:2)
  2 worker ants (D:4)
  5 adders
  2 oozes
  2 worms (D:3)
  2 dart slugs
  2 leopard geckos
  23 orcs
  A ball python (D:2)
  12 bats
  3 giant cockroaches
  14 goblins
  6 hobgoblins
  8 jackals
  7 kobolds
  A quokka (D:3)
  7 frilled lizards
  A quokka skeleton (D:4)
  7 rats
114 creatures vanquished.

Notes
Turn   | Place    | Note
-------+----------+-------------------------------------------
     0 | D:1      | Monsterracer the Ogre Hunter began the quest for the Orb.
     0 | D:1      | Reached XP level 1. HP: 22/22 MP: 1/1
   135 | D:1      | Reached XP level 2. HP: 24/29 MP: 2/2
   165 | D:1      | Found a shattered altar of Ashenzari.
   236 | D:1      | Reached skill level 1 in Maces & Flails
   874 | D:1      | Reached skill level 2 in Maces & Flails
   987 | D:1      | Reached XP level 3. HP: 35/36 MP: 3/3
  1621 | D:2      | Reached skill level 3 in Maces & Flails
  1830 | D:2      | Reached XP level 4. HP: 35/44 MP: 4/4
  1996 | D:2      | Noticed Terence
  2024 | D:2      | Killed Terence
  2024 | D:2      | Reached skill level 4 in Maces & Flails
  2400 | D:3      | Reached skill level 5 in Maces & Flails
  2400 | D:3      | Reached XP level 5. HP: 26/50 MP: 5/5
  2621 | D:3      | Found an opulent altar of Gozag.
  2650 | D:3      | Found a burning altar of Makhleb.
  3029 | D:3      | Reached skill level 5 in Throwing
  3174 | D:3      | Found a faded altar of an unknown god.
  3211 | D:3      | Reached skill level 6 in Maces & Flails
  3211 | D:3      | Reached XP level 6. HP: 26/59 MP: 6/6
  3913 | D:3      | Found a hazy altar of Hepliaklqana.
  3916 | D:3      | Found an ancient bone altar of Kikubaaqudgha.
  4276 | D:4      | Reached XP level 7. HP: 63/67 MP: 7/7
  4307 | D:4      | Reached skill level 7 in Maces & Flails
  4534 | D:4      | You fall through a shaft!
  4534 | D:5      | Entered Level 5 of the Dungeon
  4752 | D:5      | Found an iron altar of Okawaru.
  4757 | D:5      | Became a worshipper of Warmaster Okawaru
  4808 | D:5      | Noticed a hippogriff
  4815 | D:5      | Slain by a hippogriff

Skill      XL: |  1  2  3  4  5  6  7 |
---------------+----------------------+-----
Maces & Flails | 2 3 5 6 7 |  7.2
Throwing       | 5 |  5.7
Fighting       | 3 |  3.6
Dodging        | 2 |  2.5
Stealth        | |  0.6

Action                   |  1- 3 |  4- 6 |  7- 9 || total
-------------------------+-------+-------+-------++-------
Melee: Short sword       |    19 |       |       ||    19
       Club              |    66 |    16 |       ||    82
       Flail             |       |   100 |    42 ||   142
Throw: Stone             |    95 |   159 |    23 ||   277
       Tomahawk          |     4 |    22 |     3 ||    29
       Large rock        |       |     4 |       ||     4
  Use: Potion            |     4 |     2 |     2 ||     8
       Scroll            |       |     2 |       ||     2
 Stab: Sleeping          |       |       |     1 ||     1
  Eat: Chunk             |     3 |     7 |     2 ||    12
Armor: Robe              |    34 |    34 |     7 ||    75
Dodge: Dodged            |    70 |    61 |    25 ||   156
